[Event "Titled Tuesday Blitz August 1 Late 2023"]
[White "Alex_Sahakyan2006"]
[Black "Dobrikov, Marco"]
[BlackFideId "12950378"]
[WhiteElo "2728"]
[BlackElo "2555"]
[Result "0-1"]
[Round "5"]
[TimeControl "180+1"]
[Date "2023.08.01"]
[WhiteClock "0:00:02"]
[BlackClock "0:00:20"]
[Board "37"]

1. b3 g6 2. Bb2 Nf6 3. Bxf6 exf6 4. c4 f5 5. Nc3 Bg7 6. g3 O-O 7. Bg2 c6 8. e3 Na6 9. Nge2 Nc5 10. d4 Ne6 11. O-O d6 12. Rc1 Bd7 13. d5 Nc5 14. Nd4 Rc8 15. b4 Na6 16. a3 c5 17. Ndb5 cxb4 18. axb4 Rxc4 19. Qd3 Qc8 20. Nd4 Nxb4 21. Qd2 a5 22. Ncb5 Rxc1 23. Rxc1 Qb8 24. Rc7 Bxd4 25. Rxd7 Bc5 26. h4 a4 27. h5 b6 28. h6 Qe8 29. Qc3 f6 30. Rg7+ Kh8 31. Nc7 Qe5 32. Qc4 a3 33. Ne6 a2 34. Nxf8 a1=Q+ 35. Kh2 f4 36. Rxh7+ Kg8 37. exf4 Qh5+ 38. Bh3 Qxh3+ 39. Kxh3 Qh1+ 40. Kg4 0-1


[Site "https://www.chess.com"]

[Event "Titled Tuesday Blitz August 1 Late 2023"]
[White "Berezin, Viktor"]
[Black "Krishna C R G"]
[WhiteFideId "14107872"]
[BlackFideId "5018625"]
[WhiteElo "2538"]
[BlackElo "2717"]
[Result "0-1"]
[Round "5"]
[TimeControl "180+1"]
[Date "2023.08.01"]
[WhiteClock "0:00:05"]
[BlackClock "0:00:28"]
[Board "38"]

1. d4 f5 2. g3 Nf6 3. Bg2 g6 4. Nh3 Bg7 5. Nf4 e6 6. h4 Kf8 7. h5 Kf7 8. c3 Nc6 9. Nd2 Ne7 10. Nf3 Ng4 11. e4 Bf6 12. h6 d6 13. Nh3 Re8 14. Nfg5+ Kg8 15. Qb3 Nc6 16. f3 Nxh6 17. Qc2 Qe7 18. Be3 Bd7 19. O-O-O Bg7 20. Qd2 Nd8 21. Nxh7 Kxh7 22. Bg5 Qf8 23. exf5 exf5 24. Bxh6 Bxh6 25. Ng5+ Kg8 26. f4 Bxg5 27. fxg5 c6 28. Rh6 Qg7 29. Rdh1 Nf7 30. Rh7 Qxh7 31. Rxh7 Kxh7 32. d5 c5 33. Qf4 Re5 34. Bf1 Rae8 35. Bd3 Kg7 36. Kc2 Rh8 37. g4 Rh4 38. Qf2 Rxg4 39. b4 b6 40. bxc5 bxc5 41. c4 Rxg5 42. Kc3 Rg4 0-1


[Site "https://www.chess.com"]

[Event "Titled Tuesday Blitz August 1 Late 2023"]
[White "Jaracz, Pawel"]
[Black "Vovk, Orest"]
[WhiteFideId "1102222"]
[BlackFideId "14113490"]
[WhiteElo "2714"]
[BlackElo "2529"]
[Result "1-0"]
[Round "5"]
[TimeControl "180+1"]
[Date "2023.08.01"]
[WhiteClock "0:00:02"]
[BlackClock "0:00:02"]
[Board "39"]

1. e4 g5 2. g3 d5 3. d3 dxe4 4. dxe4 Qxd1+ 5. Kxd1 Nf6 6. Bg2 h6 7. c3 Nc6 8. Kc2 Ng4 9. Nh3 Bd7 10. f3 Nge5 11. Nf2 O-O-O 12. Nd2 Bg7 13. f4 gxf4 14. gxf4 Ng6 15. Nf3 e5 16. f5 Nf4 17. Bf1 Rhe8 18. Nd3 Nxd3 19. Bxd3 Bxf5 20. Rg1 Bf8 21. exf5 e4 22. Be2 exf3 23. Bxf3 Ne5 24. Bh5 Nc4 25. Bxf7 Re2+ 26. Kb3 Nd2+ 27. Bxd2 Rdxd2 28. Rab1 Rxh2 29. Rg8 Rd8 30. Be6+ Kb8 31. Rd1 Re8 32. Bf7 Rc8 33. Be6 Re8 34. f6 a5 35. f7 Rxe6 36. Rxf8+ Ka7 37. Ra8+ Kxa8 38. f8=Q+ Ka7 39. Ka3 Rb6 40. b3 Rc2 41. Rd5 Ra6 42. Qc5+ Rb6 43. Qd4 a4 44. Ra5+ Kb8 45. Qd8# 1-0


[Site "https://www.chess.com"]

[Event "Titled Tuesday Blitz August 1 Late 2023"]
[White "only_strong_moves"]
[Black "Jimenez Jimenez, Leandro"]
[BlackFideId "6415253"]
[WhiteElo "2713"]
[BlackElo "2514"]
[Result "1-0"]
[Round "5"]
[TimeControl "180+1"]
[Date "2023.08.01"]
[WhiteClock "0:00:04"]
[BlackClock "0:00:00"]
[Board "40"]

1. d4 Nf6 2. c4 e6 3. Nf3 d5 4. Nc3 Bb4 5. cxd5 exd5 6. Bg5 c6 7. e3 Qa5 8. Bxf6 Bxc3+ 9. bxc3 Qxc3+ 10. Nd2 gxf6 11. Rc1 Qa5 12. Bd3 Be6 13. O-O Nd7 14. Nb3 Qxa2 15. Ra1 Qb2 16. Rb1 Qc3 17. Qe2 Rb8 18. Rfc1 Qb4 19. Nc5 Qa3 20. Ra1 Qb4 21. Rcb1 Qc3 22. Na4 Qa5 23. Nb6 Qxb6 24. Rxb6 axb6 25. f4 f5 26. Qc2 Ke7 27. Bxf5 Ra8 28. Re1 Rhg8 29. Bxh7 Rg7 30. f5 Rxh7 31. fxe6 Nf6 32. exf7 Rxf7 33. Qb2 b5 34. Qb4+ Kd7 35. Rf1 Raf8 36. h3 Ke6 37. Qe1 Ne4 38. Rxf7 Rxf7 39. g4 Rf3 40. Kg2 Rf2+ 41. Kg1 Rf3 42. h4 Rg3+ 43. Kh2 Rxg4 44. Qf1 Rg3 45. Qf4 Rg6 46. Qe5+ Kd7 47. h5 Re6 48. Qg7+ Re7 49. Qg4+ Kc7 50. h6 Nf6 51. Qf4+ Kd7 52. Qxf6 1-0


[Site "https://www.chess.com"]

[Event "Titled Tuesday Blitz August 1 Late 2023"]
[White "Romero Pallares, Daniel"]
[Black "nickVet"]
[WhiteFideId "32025637"]
[WhiteElo "2513"]
[BlackElo "2702"]
[Result "0-1"]
[Round "5"]
[TimeControl "180+1"]
[Date "2023.08.01"]
[WhiteClock "0:01:00"]
[BlackClock "0:01:18"]
[Board "41"]

1. d4 d5 2. Nc3 Nf6 3. Bf4 e6 4. Nb5 Bb4+ 5. c3 Ba5 6. Nf3 O-O 7. e3 c6 8. Na3 Bc7 9. Bd3 Nbd7 10. Nb1 Re8 11. Nbd2 e5 12. dxe5 Nxe5 13. Nxe5 Bxe5 14. O-O Bxf4 15. exf4 Qc7 16. g3 Bh3 17. Re1 Rxe1+ 18. Qxe1 Re8 19. Qd1 Qb6 20. Nb3 c5 21. c4 d4 22. Qd2 Qc6 23. Bf1 Bxf1 24. Rxf1 b6 25. Re1 Rxe1+ 26. Qxe1 Qe4 27. Qxe4 Nxe4 28. Kf1 h5 29. Ke2 Kf8 30. Nc1 Ke7 31. Nd3 Nd6 32. b3 f6 33. Kf3 Kd7 34. h3 Kc6 35. g4 hxg4+ 36. hxg4 a6 37. a4 b5 38. axb5+ axb5 39. Nb2 Kb6 40. Ke2 Ka5 41. Kd3 Kb4 42. cxb5 Kxb3 43. Nd1 Nxb5 44. Ke4 c4 0-1


[Site "https://www.chess.com"]

[Event "Titled Tuesday Blitz August 1 Late 2023"]
[White "Bettalli, Francesco"]
[Black "Volkov, Maksim"]
[WhiteFideId "2816453"]
[BlackFideId "54123070"]
[WhiteElo "2513"]
[BlackElo "2700"]
[Result "0-1"]
[Round "5"]
[TimeControl "180+1"]
[Date "2023.08.01"]
[WhiteClock "0:01:49"]
[BlackClock "0:02:00"]
[Board "42"]

1. e4 c5 2. Nc3 d6 3. d4 cxd4 4. Qxd4 Nc6 5. Qd2 g6 6. b3 Bh6 7. f4 Nf6 8. Bb2 O-O 9. O-O-O e5 10. g3 Bg4 11. Be2 Nd4 12. Bxg4 Nxg4 13. h3 Nf6 14. Nge2 Nxe2+ 15. Nxe2 Nxe4 16. Qe3 Nc5 17. Bxe5 Re8 18. Qf3 Rxe5 19. Kb1 Re8 20. Nd4 Bg7 21. Nb5 Qf6 22. c3 Ne4 23. Rd4 Qf5 24. g4 Nd2+ 25. Kb2 Nxf3 0-1


[Site "https://www.chess.com"]

[Event "Titled Tuesday Blitz August 1 Late 2023"]
[White "Schnaider, Ilan"]
[Black "Lima, Kleyton Alcantara"]
[WhiteFideId "169013"]
[BlackFideId "22718397"]
[WhiteElo "2696"]
[BlackElo "2433"]
[Result "1-0"]
[Round "5"]
[TimeControl "180+1"]
[Date "2023.08.01"]
[WhiteClock "0:00:05"]
[BlackClock "0:00:05"]
[Board "43"]

1. e4 c5 2. Nf3 d6 3. Bb5+ Bd7 4. Bxd7+ Nxd7 5. O-O Ngf6 6. Re1 a6 7. c3 e6 8. d4 Be7 9. Bf4 O-O 10. Nbd2 b5 11. Rc1 Rc8 12. Qe2 Qa5 13. a3 cxd4 14. cxd4 Qb6 15. h3 Qb7 16. Bh2 Nb6 17. e5 dxe5 18. dxe5 Nfd5 19. Ne4 Rxc1 20. Rxc1 Rc8 21. Rd1 Nc4 22. Nd6 Bxd6 23. exd6 Qd7 24. Ne5 Nxe5 25. Bxe5 Nb6 26. b3 f6 27. Bg3 e5 28. f4 exf4 29. Bxf4 Qf7 30. Qg4 Nd7 31. Re1 Re8 32. Rc1 h5 33. Qf5 g6 34. Qd3 g5 35. Bg3 h4 36. Bf2 Qh7 37. Qxh7+ Kxh7 38. Rc7 Rd8 39. Ra7 Kg6 40. Rxa6 Ne5 41. Bc5 Nd3 42. b4 Re8 43. Ra7 Re1+ 44. Kh2 Rd1 45. Bb6 Ne5 46. Bc5 Rd2 47. Kg1 Nd3 48. Kf1 Rf2+ 49. Bxf2 1-0


[Site "https://www.chess.com"]

[Event "Titled Tuesday Blitz August 1 Late 2023"]
[White "Kuzmicz, Krystian"]
[Black "Mike24147"]
[WhiteFideId "1119125"]
[WhiteElo "2691"]
[BlackElo "2399"]
[Result "1-0"]
[Round "5"]
[TimeControl "180+1"]
[Date "2023.08.01"]
[WhiteClock "0:01:53"]
[BlackClock "0:00:39"]
[Board "44"]

1. e4 c5 2. d3 g6 3. g3 Bg7 4. Bg2 Nc6 5. f4 d6 6. Nf3 Nf6 7. O-O O-O 8. Nc3 Bg4 9. h3 Bxf3 10. Qxf3 Rb8 11. g4 b5 12. g5 Nh5 13. f5 Ne5 14. Qf2 b4 15. Nd5 e6 16. Nf4 Nxf4 17. Bxf4 exf5 18. exf5 f6 19. Bxe5 dxe5 20. fxg6 fxg5 21. gxh7+ Kh8 22. Qxc5 Rxf1+ 23. Rxf1 e4 24. Kh1 exd3 25. cxd3 Qxd3 26. Qxg5 Qxh7 27. Rf4 Bh6 28. Qe5+ Qg7 29. Qxb8+ Kh7 30. Be4+ 1-0


[Site "https://www.chess.com"]

[Event "Titled Tuesday Blitz August 1 Late 2023"]
[White "Morefield, Jason"]
[Black "Spichkin, Alexander"]
[WhiteFideId "30920825"]
[BlackFideId "4144074"]
[WhiteElo "2681"]
[BlackElo "2378"]
[Result "1-0"]
[Round "5"]
[TimeControl "180+1"]
[Date "2023.08.01"]
[WhiteClock "0:00:04"]
[BlackClock "0:00:24"]
[Board "45"]

1. e4 e5 2. Nf3 d5 3. exd5 e4 4. Qe2 Nf6 5. d3 Bb4+ 6. Bd2 O-O 7. Bxb4 exf3 8. Qxf3 Re8+ 9. Kd2 Nxd5 10. Bc5 Qg5+ 11. Be3 Nxe3 12. fxe3 Nc6 13. Nc3 Ne5 14. Qf4 Qe7 15. Be2 Ng6 16. Qg3 Be6 17. h4 Qb4 18. a3 Qa5 19. h5 Ne7 20. e4 Nc6 21. h6 g6 22. Rh5 Qb6 23. Rb5 Qd4 24. Rxb7 Rab8 25. Rxb8 Rxb8 26. Qxc7 Qc5 27. Qf4 Rxb2 28. Qf6 Qd4 29. Qxd4 Nxd4 30. Rb1 Rxc2+ 31. Ke3 Nc6 32. Nb5 Kf8 33. Bf3 Ba2 34. Rf1 Ke7 35. Rf2 Rc5 36. Rxa2 Rxb5 37. Rc2 Rb6 38. Rc3 Kd6 39. d4 Na5 40. e5+ Kd7 41. Bg4+ Ke7 42. Rc7+ Ke8 43. Rxa7 Nc4+ 44. Ke4 Rb8 45. Ra4 Nb2 46. Rb4 Rxb4 47. axb4 Na4 48. Kd5 Nc3+ 49. Kc5 Ne4+ 50. Kc6 Kd8 51. b5 f5 52. exf6 Nxf6 53. Be6 Ke7 54. d5 Ne4 55. b6 Nd6 56. b7 Nxb7 57. Kxb7 Kd6 58. Kb6 Ke5 59. Kc5 Kf6 60. Kd6 Kg5 61. Ke5 Kxh6 62. d6 g5 63. d7 g4 64. d8=Q Kh5 65. Qg8 g3 66. Qxg3 Kh6 67. Kf6 Kh5 68. Qg5# 1-0


[Site "https://www.chess.com"]

[Event "Titled Tuesday Blitz August 1 Late 2023"]
[White "Rosen, Eric"]
[Black "Nikologorsky, Matfei"]
[WhiteFideId "2032562"]
[BlackFideId "24102474"]
[WhiteElo "2680"]
[BlackElo "2368"]
[Result "0-1"]
[Round "5"]
[TimeControl "180+1"]
[Date "2023.08.01"]
[WhiteClock "0:00:01"]
[BlackClock "0:00:10"]
[Board "46"]

1. d4 Nf6 2. Bf4 e6 3. e3 b6 4. Qf3 d5 5. Nc3 a6 6. O-O-O Bb7 7. h4 Nbd7 8. h5 b5 9. Qg3 Rc8 10. f3 Nb6 11. Bd3 b4 12. Nce2 c5 13. dxc5 Rxc5 14. Kb1 Nc4 15. Nc1 a5 16. Nb3 Rc8 17. e4 a4 18. Nc1 Qb6 19. Nge2 dxe4 20. fxe4 Nxe4 21. Qe1 Nf2 22. Ng3 Nxd1 23. Qxd1 a3 24. Bxc4 Rxc4 25. b3 Rxf4 26. Nd3 Rd4 27. Qe1 Be7 28. Rf1 O-O 29. h6 Rxd3 30. cxd3 Qd4 31. Qd2 Bf6 32. Kc2 Qb2+ 33. Kd1 Qxd2+ 34. Kxd2 Bc3+ 35. Ke2 gxh6 36. Nh5 f5 37. Nf4 Kf7 38. g4 Rg8 39. gxf5 exf5 40. Kf2 Rg4 41. Ke3 Rg3+ 42. Ke2 h5 43. Nxh5 Rg2+ 44. Ke3 Rxa2 45. Ng3 Ra1 46. Rxf5+ Ke6 47. Rb5 Re1+ 48. Kf4 a2 49. Rb6+ Kd5 50. Ne4 Rxe4+ 51. dxe4+ Kc5 52. Rxb7 a1=Q 53. Kf5 Qf1+ 54. Ke6 Qf6+ 55. Kd7 Qc6+ 56. Ke7 Qxb7+ 57. Ke6 Qxe4+ 58. Kf7 Qb7+ 59. Ke6 Qc6+ 60. Kf5 Qe8 61. Kg5 Qf7 62. Kh6 Qg6# 0-1


[Site "https://www.chess.com"]

[Event "Titled Tuesday Blitz August 1 Late 2023"]
[White "Skytte, Rasmus"]
[Black "Papp, Levente"]
[WhiteFideId "1404210"]
[BlackFideId "751243"]
[WhiteElo "2336"]
[BlackElo "2680"]
[Result "0-1"]
[Round "5"]
[TimeControl "180+1"]
[Date "2023.08.01"]
[WhiteClock "0:00:06"]
[BlackClock "0:00:31"]
[Board "47"]

1. e4 e6 2. d4 d5 3. Nc3 Bb4 4. exd5 exd5 5. Bd3 Ne7 6. Nf3 O-O 7. O-O Bf5 8. Re1 Nbc6 9. Bg5 f6 10. Bf4 Qd7 11. a3 Bxc3 12. bxc3 Rfe8 13. Rb1 b6 14. Qd2 Bxd3 15. Qxd3 Na5 16. h4 Nc4 17. h5 c6 18. h6 g6 19. Re2 Nf5 20. Rbe1 Kf7 21. Nh2 Rxe2 22. Rxe2 Re8 23. g4 Nfd6 24. g5 fxg5 25. Bxg5 Qf5 26. Rxe8 Qxg5+ 27. Kh1 Kxe8 28. Qe2+ Kd8 29. Qe6 Qe7 30. Qg8+ Ne8 31. Nf3 Qe4 32. Qxh7 Qxf3+ 33. Kg1 Qg4+ 34. Kh2 Nd2 35. Qxa7 Nf1+ 36. Kh1 Qh3+ 37. Kg1 Nh2 38. Qb8+ Kd7 39. Qb7+ Nc7 40. h7 Nf3# 0-1


[Site "https://www.chess.com"]

[Event "Titled Tuesday Blitz August 1 Late 2023"]
[White "Fuzesabonyilaci"]
[Black "Kamsky, Gata"]
[BlackFideId "2000024"]
[WhiteElo "2358"]
[BlackElo "2991"]
[Result "0-1"]
[Round "5"]
[TimeControl "180+1"]
[Date "2023.08.01"]
[WhiteClock "0:01:03"]
[BlackClock "0:01:21"]
[Board "48"]

1. d4 Nf6 2. Nc3 d5 3. Bf4 Bf5 4. Nf3 a6 5. e3 e6 6. Be2 c5 7. Ne5 h6 8. g4 Bh7 9. h4 Nfd7 10. g5 Nxe5 11. dxe5 Nc6 12. Qd2 d4 13. Nd1 Nb4 14. Bd3 dxe3 15. Nxe3 Bxd3 16. a3 Be4 17. f3 Qxd2+ 18. Kxd2 Nd5 19. fxe4 Nxf4 0-1


[Site "https://www.chess.com"]

[Event "Titled Tuesday Blitz August 1 Late 2023"]
[White "Toropov, Pavel"]
[Black "Ibarra Jerez, Jose Carlos"]
[WhiteFideId "24129178"]
[BlackFideId "2226332"]
[WhiteElo "2545"]
[BlackElo "2881"]
[Result "1/2-1/2"]
[Round "5"]
[TimeControl "180+1"]
[Date "2023.08.01"]
[WhiteClock "0:00:19"]
[BlackClock "0:00:38"]
[Board "49"]

1. e4 c5 2. Nf3 Nc6 3. d4 cxd4 4. Nxd4 e5 5. Nb5 a6 6. Nd6+ Bxd6 7. Qxd6 Qe7 8. Qxe7+ Ngxe7 9. Nc3 d5 10. Nxd5 Nxd5 11. exd5 Nb4 12. Bd3 Nxd3+ 13. cxd3 Bf5 14. Be3 Bxd3 15. Rc1 Be4 16. d6 Bc6 17. O-O Kd7 18. f4 Kxd6 19. Rfd1+ Ke6 20. fxe5 Rhd8 21. Bb6 Rxd1+ 22. Rxd1 Bd5 23. a3 Rc8 24. Rd2 Rc4 25. Bd4 h5 26. Kf2 Bc6 27. Bc3 Rf4+ 28. Ke3 Re4+ 29. Kf2 Kf5 30. Rd3 Rf4+ 31. Kg1 h4 32. h3 Re4 33. Rf3+ Ke6 34. Kf2 Rc4 35. Rd3 Rf4+ 36. Kg1 g5 37. Rd4 Rf5 38. Rd6+ Ke7 39. Rf6 Rxf6 40. exf6+ Ke6 41. Kf2 Kf5 42. g3 Bd7 43. g4+ Kg6 44. Kg2 Bb5 45. Kh2 Bf1 46. Bd4 Kh6 47. Bc3 Kh7 48. Bd4 Kg6 49. Bc3 b5 50. b4 Be2 51. Bd4 Bc4 52. Kg2 Bd5+ 53. Kh2 Bc6 54. Bc3 Bd7 55. Bd4 Bc8 56. Be5 Be6 57. Bd4 Bc4 58. Bc3 Bf1 59. Bd4 Kh7 60. Bc3 Be2 61. Bd4 Bf3 62. Bc3 Bc6 63. Kg1 Kh6 64. Kh2 Bd5 65. Kg1 Bc4 66. Kh2 Kg6 67. Kg1 Kh7 68. Kf2 Bd3 69. Bd4 Bc4 70. Bc3 Bd5 71. Bd4 Bc6 72. Bc3 Kh6 73. Bd4 Kg6 74. Bc3 Bb7 75. Bd4 Kh7 76. Bc3 Bd5 77. Kg1 Kg6 78. Kf2 Be6 79. Kg1 Bc8 80. Kh2 Bb7 81. Kg1 Bd5 82. Kf2 Bb3 83. Bd4 Bd1 84. Bc3 Kh6 85. Bd4 Kh7 86. Bc3 Kg6 87. Bd4 Bb3 88. Kg1 Kh6 89. Kf2 Bd5 90. Kg1 Bf3 91. Kf2 Bh1 92. Kg1 Bc6 93. Kf2 Bd7 94. Kg1 Bc8 95. Kf2 Bb7 96. Kg1 Kh7 97. Kf2 Bc6 98. Kg1 Bd5 99. Kf2 Bc4 100. Kg1 1/2-1/2


[Site "https://www.chess.com"]

[Event "Titled Tuesday Blitz August 1 Late 2023"]
[White "Rasulov, Vugar"]
[Black "Womacka, Mathias"]
[WhiteFideId "13402390"]
[BlackFideId "4611390"]
[WhiteElo "2828"]
[BlackElo "2543"]
[Result "1/2-1/2"]
[Round "5"]
[TimeControl "180+1"]
[Date "2023.08.01"]
[WhiteClock "0:00:09"]
[BlackClock "0:00:06"]
[Board "50"]

1. d4 Nf6 2. Bg5 Ne4 3. Bf4 c5 4. f3 Qa5+ 5. c3 Nf6 6. Nd2 cxd4 7. Nb3 Qd8 8. cxd4 e6 9. e4 Nc6 10. Ne2 d5 11. e5 Nd7 12. Be3 a5 13. a3 a4 14. Nbc1 Nb6 15. Nc3 Bd7 16. Bd3 Na5 17. O-O Nac4 18. Qe2 Be7 19. f4 g6 20. Bf2 Qc7 21. N1a2 O-O-O 22. Rac1 Kb8 23. Rc2 f6 24. Rfc1 fxe5 25. dxe5 Bc5 26. Nb4 g5 27. fxg5 Bxf2+ 28. Qxf2 Qxe5 29. h4 Rhf8 30. Qe1 Qd4+ 31. Kh2 Ne3 32. Ne2 Nxc2 33. Nxd4 Nxe1 34. Rxe1 Rf2 35. Kg3 Rxb2 36. Bxh7 Nc4 37. g6 Nxa3 38. Nd3 Rd2 39. g7 Nc4 40. Nxe6 Bxe6 41. Rxe6 a3 42. Nb4 a2 43. Nxa2 Rxa2 44. Rf6 Ra3+ 45. Kf4 Kc7 46. Rf7+ Kd6 47. Rf8 Raa8 48. Rxd8+ Rxd8 49. h5 b5 50. h6 Ne5 51. g8=Q Rxg8 52. Bxg8 b4 53. h7 Ng6+ 54. Kg5 Nh8 55. Kf6 b3 56. Kg7 b2 57. Kxh8 b1=Q 58. Bf7 Qb2+ 59. Kg8 Qxg2+ 60. Kf8 Qh3 61. Kg7 Qg4+ 62. Bg6 Qd4+ 63. Kg8 Qh4 64. h8=Q Qxh8+ 65. Kxh8 d4 66. Kg7 d3 67. Kf6 d2 68. Bc2 d1=Q 69. Bxd1 1/2-1/2


[Site "https://www.chess.com"]

[Event "Titled Tuesday Blitz August 1 Late 2023"]
[White "Moral Garcia, Serafin"]
[Black "Fantastic_Power"]
[WhiteFideId "2201925"]
[WhiteElo "2536"]
[BlackElo "2763"]
[Result "1/2-1/2"]
[Round "5"]
[TimeControl "180+1"]
[Date "2023.08.01"]
[WhiteClock "0:00:14"]
[BlackClock "0:00:06"]
[Board "51"]

1. e4 c5 2. Nf3 Nf6 3. e5 Nd5 4. Nc3 e6 5. Nxd5 exd5 6. d4 Nc6 7. c3 d6 8. exd6 Bxd6 9. dxc5 Bxc5 10. Bb5 O-O 11. O-O Bg4 12. Re1 Qb6 13. Qe2 Bxf3 14. gxf3 Bxf2+ 15. Qxf2 Qxb5 16. Be3 Rfe8 17. Kh1 Qd3 18. Rad1 Qf5 19. Qg3 Rad8 20. Qg4 Qxg4 21. fxg4 Re4 22. h3 Rde8 23. Bf2 Rxe1+ 24. Rxe1 Rxe1+ 25. Bxe1 f6 26. Kg2 Ne5 27. b3 Kf7 28. Bf2 a6 29. Bd4 Ke6 30. Kg3 Nc6 31. Be3 Ke5 32. Kf3 d4 33. Bf4+ Kd5 34. c4+ Kc5 35. Bc1 Kb4 36. Bb2 b5 37. cxb5 axb5 38. Ke4 Kc5 39. a3 g6 40. h4 h5 41. gxh5 gxh5 42. Kf5 d3 43. Bc3 Kd5 44. Kxf6 Nd4 45. Kg5 Nxb3 46. Kxh5 d2 47. Bxd2 Nxd2 48. Kg6 Ke6 49. h5 Nc4 50. h6 Ne5+ 51. Kg7 Nf7 52. h7 Ke7 53. Kg8 Kf6 54. Kf8 Kg6 55. Kg8 Kf6 56. Kf8 Kg6 57. Kg8 Nh8 58. Kf8 Kxh7 59. Ke7 Ng6+ 60. Kd6 Nf4 61. Kc5 Kg6 62. Kxb5 Kf6 63. a4 Ke7 64. Kb6 Kd7 65. Kb7 Nd5 66. a5 Nb4 67. a6 Nxa6 1/2-1/2


[Site "https://www.chess.com"]

[Event "Titled Tuesday Blitz August 1 Late 2023"]
[White "Mekhitarian, Krikor Sevag"]
[Black "Rottenwohrer Suarez, Juan"]
[WhiteFideId "2107660"]
[BlackFideId "32068182"]
[WhiteElo "2759"]
[BlackElo "2518"]
[Result "1-0"]
[Round "5"]
[TimeControl "180+1"]
[Date "2023.08.01"]
[WhiteClock "0:01:44"]
[BlackClock "0:00:03"]
[Board "52"]

1. Nf3 d5 2. c4 d4 3. b4 f6 4. Na3 e5 5. Nc2 c5 6. bxc5 Bxc5 7. d3 Ne7 8. g3 Nbc6 9. Bg2 O-O 10. O-O Be6 11. Rb1 b6 12. Nd2 Rc8 13. Ne4 h6 14. Nxc5 bxc5 15. Ba3 Nb8 16. Qd2 Nd7 17. Rb7 Rc7 18. Rfb1 Rxb7 19. Rxb7 Nc8 20. Na1 e4 21. Nb3 f5 22. Nxc5 Nxc5 23. Bxc5 Nd6 24. Rxa7 Qb8 25. Bxd4 Rd8 26. Rxg7+ 1-0


[Site "https://www.chess.com"]

[Event "Titled Tuesday Blitz August 1 Late 2023"]
[White "NigelDwarf"]
[Black "Golubka, Petro"]
[BlackFideId "14114224"]
[WhiteElo "2518"]
[BlackElo "2719"]
[Result "0-1"]
[Round "5"]
[TimeControl "180+1"]
[Date "2023.08.01"]
[WhiteClock "0:00:04"]
[BlackClock "0:00:11"]
[Board "53"]

1. Nf3 b6 2. c4 Bb7 3. Nc3 e6 4. e4 Bb4 5. Qc2 Bxc3 6. bxc3 Nc6 7. d4 Na5 8. h4 h6 9. Rh3 Nf6 10. e5 Ne4 11. Bd3 d5 12. exd6 Nxd6 13. Rg3 Bxf3 14. gxf3 Qxh4 15. c5 Ndb7 16. Rxg7 Qf6 17. Rg3 O-O-O 18. Be3 bxc5 19. Rb1 c4 20. Be4 Rd6 21. Ke2 Rb6 22. Rgg1 Kb8 23. Qa4 Qe7 24. d5 exd5 25. Bxb6 axb6 26. Qb4 Qe6 27. Rg4 f5 28. Rf4 fxe4 29. fxe4 Qe5 30. Rf8+ Rxf8 31. Qxf8+ Ka7 32. Kf1 Qxe4 33. Re1 Qd3+ 34. Kg2 Qg6+ 35. Kf1 Nd6 36. Re7 Nab7 37. Rxc7 h5 38. Qe7 Ka6 39. Rc6 Qd3+ 40. Kg2 Qxc3 41. Qc7 Qd4 42. Rxd6 Nxd6 43. Qxd6 c3 44. Qc6 Qc4 45. Qa8+ Kb5 46. Qe8+ Kb4 47. Qe7+ Qc5 48. Qe1 d4 49. Qb1+ Ka5 50. Qc2 Qc4 51. Qf5+ Kb4 52. Qb1+ Ka5 53. Qf5+ Qc5 54. Qc2 b5 55. Qh7 c2 56. Qg8 c1=Q 57. Qa8+ Kb4 58. a3+ Kb3 59. Qg8+ Q1c4 60. Qg3+ d3 0-1


[Site "https://www.chess.com"]

[Event "Titled Tuesday Blitz August 1 Late 2023"]
[White "Fiorito, Joaquin"]
[Black "Bochnicka, Vladimir"]
[WhiteFideId "180173"]
[BlackFideId "14943450"]
[WhiteElo "2695"]
[BlackElo "2503"]
[Result "0-1"]
[Round "5"]
[TimeControl "180+1"]
[Date "2023.08.01"]
[WhiteClock "0:00:07"]
[BlackClock "0:00:06"]
[Board "54"]

1. d4 Nf6 2. Nc3 g6 3. e4 d6 4. Be3 Bg7 5. Qd2 c6 6. Bh6 Bxh6 7. Qxh6 Qa5 8. Bd3 Nbd7 9. Nf3 e5 10. O-O exd4 11. Nxd4 Qh5 12. Qxh5 Nxh5 13. f4 O-O 14. Rae1 Re8 15. a4 a5 16. Bc4 Nc5 17. f5 Rf8 18. g4 Ng7 19. h3 Bd7 20. Nf3 Rae8 21. Kg2 Bc8 22. h4 h5 23. fxg6 Be6 24. gxf7+ Rxf7 25. Bxe6 Ngxe6 26. gxh5 Nf4+ 27. Kh2 Nxh5 28. Ng5 Rxf1 29. Rxf1 Rf8 30. Rxf8+ Kxf8 31. Kg2 Ke7 32. Kf3 Nd7 33. Kg4 Ng7 34. h5 Nf6+ 35. Kh4 Nfxh5 36. Nf3 Nf6 37. Kg5 Ne6+ 38. Kf5 Nd7 39. b3 Ndc5 40. Nh4 Nd4+ 41. Kg6 Nxc2 42. Nf5+ Ke6 43. Ng7+ Ke5 44. Ne8 Nxb3 45. Kf7 Nc5 46. Ke7 d5 47. exd5 cxd5 48. Kd8 d4 49. Nd1 Ne3 50. Nb2 d3 51. Kc7 d2 52. Kb6 Kd4 53. Kxa5 Nc4+ 54. Nxc4 Kxc4 55. Nd6+ Kd5 56. Nf5 Ke4 57. Nd6+ Kd3 58. Kb5 Ne4 59. Nxe4 Kxe4 60. Kb6 d1=Q 61. a5 Qb3+ 62. Ka7 Qb5 0-1


[Site "https://www.chess.com"]

[Event "Titled Tuesday Blitz August 1 Late 2023"]
[White "Manukyan, Sargis A."]
[Black "Manukian, Artak"]
[WhiteFideId "13303970"]
[BlackFideId "13301373"]
[WhiteElo "2649"]
[BlackElo "2485"]
[Result "1-0"]
[Round "5"]
[TimeControl "180+1"]
[Date "2023.08.01"]
[WhiteClock "0:00:50"]
[BlackClock "0:00:04"]
[Board "55"]

1. d4 d5 2. c4 dxc4 3. e4 Nf6 4. e5 Nd5 5. Bxc4 Nb6 6. Bb3 Bf5 7. Nc3 e6 8. Nge2 Nc6 9. O-O Be7 10. Be3 O-O 11. f3 h6 12. Ng3 Bh7 13. f4 Bh4 14. Nh5 Kh8 15. Qg4 Rg8 16. Rad1 Na5 17. d5 exd5 18. Bxd5 Nxd5 19. Rxd5 Nc4 20. Rxd8 Bxd8 21. Bc1 c6 22. b3 Bb6+ 23. Kh1 Ne3 24. Bxe3 Bxe3 25. f5 Rae8 26. e6 fxe6 27. fxe6 Bg5 28. h4 Be7 29. Ne4 Ref8 30. Rxf8 Bxf8 31. Neg3 Bd6 32. Nf4 Rf8 33. Ngh5 Be5 34. e7 Re8 35. Qd7 1-0


[Site "https://www.chess.com"]

[Event "Titled Tuesday Blitz August 1 Late 2023"]
[White "ExchangeAB"]
[Black "Fishbein, Alexander"]
[BlackFideId "2000377"]
[WhiteElo "2479"]
[BlackElo "2638"]
[Result "1-0"]
[Round "5"]
[TimeControl "180+1"]
[Date "2023.08.01"]
[WhiteClock "0:00:19"]
[BlackClock "0:00:00"]
[Board "56"]

1. d4 Nf6 2. Nc3 d5 3. Bf4 e6 4. e3 Bd6 5. Bd3 Nc6 6. Nf3 Qe7 7. O-O e5 8. dxe5 Nxe5 9. Nxe5 Bxe5 10. Bxe5 Qxe5 11. h3 O-O 12. Rb1 c5 13. Be2 Be6 14. Bf3 Rad8 15. Ne2 d4 16. exd4 cxd4 17. Nc1 Bd5 18. Nd3 Qf5 19. Bxd5 Nxd5 20. Qg4 Qxg4 21. hxg4 Rc8 22. Rbc1 Rfe8 23. Rfe1 f6 24. g3 Rxe1+ 25. Nxe1 Nb4 26. a3 d3 27. axb4 d2 28. Rd1 dxe1=Q+ 29. Rxe1 Rxc2 30. Re7 b5 31. Rb7 a6 32. g5 fxg5 33. Rb8+ Kf7 34. Rb7+ Kg6 35. Rb6+ Kf5 36. Rxa6 Rxb2 37. Ra7 Kg6 38. Ra6+ Kh5 39. Ra7 Kh6 40. g4 Rxb4 41. f3 Rb2 42. Ra6+ g6 43. Ra7 Rc2 44. Rb7 Rc5 45. Kg2 Rd5 46. Kg3 Rc5 47. Kg2 Rc8 48. Rxb5 Kg7 49. Rb7+ Kg8 50. Kg3 Rf8 51. Rc7 Rf7 52. Rc6 Kg7 53. Rb6 Ra7 54. Rc6 h5 55. Rc3 Kh6 56. Rb3 Ra2 57. Rc3 h4+ 58. Kh3 Rf2 59. Rb3 Kg7 60. Ra3 Kf6 61. Re3 Kf7 62. Ra3 Ke6 63. Re3+ Kd5 64. Rd3+ Ke5 65. Re3+ Kf4 66. Re4+ Kxf3 67. Re6 Rf1 68. Rf6+ Ke2 69. Rxg6 Rh1+ 70. Kg2 Rc1 71. Rxg5 h3+ 72. Kxh3 Kf3 73. Rf5+ Ke4 74. Rf2 Ke5 75. Kh4 Rc8 76. g5 Rh8+ 77. Kg4 1-0


[Site "https://www.chess.com"]